 Dungeon Crawl Stone Soup version 0.27.0-1-g7a089689b8 (webtiles) character file.

Game seed: 4357558469883218632

6388 benadryl the Grappler (level 10, -1/102 HPs)
             Began as a Troll Hunter on Aug 4, 2021.
             Was a High Priest of Okawaru.
             Slain by a nine-headed hydra (11 damage)
             ... on level 9 of the Dungeon.
             The game lasted 00:17:02 (7904 turns).

benadryl the Grappler (Troll Hunter)                Turns: 7904, Time: 00:17:03

Health: -1/102     AC:  7    Str: 24    XL:     10   Next: 66%
Magic:  12/12      EV:  6    Int:  6    God:    Okawaru [*****.]
Gold:   538        SH: 12    Dex: 11    Spells: 9/9 levels left

rFire    . . .     SeeInvis .     - Unarmed
rCold    . . .     Faith    .   H - +0 kite shield
rNeg     + . .     Spirit   .   b - +0 robe
rPois    +         Reflect  +   (helmet restricted)
rElec    .         Harm     .   n - +2 ratskin cloak {*Rats rPois rN+ Str-1 Int-1 Dex+1}
rCorr    +         Rampage  .   (gloves unavailable)
Will     .....                  (boots unavailable)
Stlth    +.........             E - amulet of reflection
HPRegen  1.27/turn              j - ring of resist corrosion
MPRegen  0.13/turn              (no ring)

@: no status effects
A: large, unfitting armour, claws 3, regeneration 1, shaggy fur 1, tough skin 1
a: Renounce Religion, Heroism, Finesse


You were on level 9 of the Dungeon.
You worshipped Okawaru.
Okawaru was extremely pleased with you.
You visited 3 branches of the dungeon, and saw 12 of its levels.

You collected 538 gold pieces.

Inventory:

Hand Weapons
 a - a +1 dagger of chaos
 v - the +9 whip of Pewoeq {vamp, rC++ rN++ Dex-3}
   (You found it on level 7 of the Dungeon)

   It occasionally heals its wielder for a portion of the damage dealt when it
   wounds a living foe.
   Dex:       It affects your dexterity (-3).
   rC:        It greatly protects you from cold.
   rN:        It greatly protects you from negative energy.
 w - a +1 giant club
Missiles
 c - 10 large rocks
 d - 2 throwing nets (quivered)
 y - 55 poisoned darts
Armour
 b - a +0 robe (worn)
 n - the +2 ratskin cloak (worn) {*Rats rPois rN+ Str-1 Int-1 Dex+1}
   (You found it on level 7 of the Dungeon)

   When the wearer is hurt, rats may emerge from it to assist them.
   Str:       It affects your strength (-1).
   Int:       It affects your intelligence (-1).
   Dex:       It affects your dexterity (+1).
   rPois:     It protects you from poison.
   rN:        It protects you from negative energy.
 H - a +0 kite shield (worn)
Jewellery
 j - a ring of resist corrosion (left claw)
 E - an amulet of reflection (around neck)
Wands
 k - a wand of paralysis (8)
 l - a wand of flame (9)
 x - a wand of charming (11)
 D - a wand of acid (6)
Scrolls
 e - 2 scrolls of vulnerability
 f - a scroll of fog
 g - 4 scrolls of enchant weapon
 h - a scroll of immolation
 m - 3 scrolls of teleportation
 r - 3 scrolls of amnesia
 t - a scroll of fear
 F - a scroll of blinking
Potions
 i - 3 potions of curing {@q1}
 o - 3 potions of mutation
 p - 8 potions of ambrosia
 q - a potion of brilliance
 s - 2 potions of flight
 u - 5 potions of haste
 z - a potion of heal wounds
 A - 2 potions of attraction
 B - 2 potions of lignification
 C - a potion of resistance
 G - 3 potions of degeneration


   Skills:
 + Level 7.4 Fighting
 - Level 4.9 Throwing
 - Level 1.5 Dodging
 - Level 0.3 Stealth
 + Level 0.0 Shields
 * Level 11.9 Unarmed Combat
 + Level 4.6 Invocations


You had 9 spell levels left.
You didn't know any spells.
Your spell library contained the following spells:

 Spells                   Type           Power      Damage    Failure   Level
 Corona                   Hex            0%         N/A       98%         1
 Foxfire                  Conj/Fire      0%         2x1d4     98%         1
 Sting                    Tmut/Pois      0%         1d3       98%         1
 Ensorcelled Hibernation  Hex/Ice        0%         N/A       99%         2
 Poisonous Vapours        Pois/Air       0%         N/A       99%         2
 Conjure Flame            Conj/Fire      0%         6-21      100%        3
 Inner Flame              Hex/Fire       0%         N/A       100%        3
 Spider Form              Tmut/Pois      0%         N/A       100%        3
 Tukima's Dance           Hex            0%         N/A       100%        3
 Olgreb's Toxic Radiance  Pois           0%         N/A       100%        4
 Shadow Creatures         Summ           N/A        N/A       100%        6


Dungeon Overview and Level Annotations

Branches:
Dungeon (10/15)            Temple (1/1) D:5            Lair (1/6) D:9
    Orc: D:9-12

Altars:
Cheibriados
Gozag
Hepliaklqana
Kikubaaqudgha
Makhleb
Okawaru
Qazlal
Sif Muna
Trog
Uskayaw
Vehumet
Xom
Yredelemnul
Zin

Shops:
D:8 =

Annotations:
D:3 2 transporters
D:4 2 transporters, seveneves's ghost, amateur MiFi
D:8 exclusion: door


Innate Abilities, Weirdness & Mutations

You are too large for most types of armour.
You have claws for hands.
Your natural rate of healing is unusually fast.
You are covered in fur. (AC +1)
You have tough skin. (AC +1)


Message History

The nine-headed hydra is heavily wounded.
You block the bullfrog's attack.
The nine-headed hydra bites you but does no damage.
You block the nine-headed hydra's attack.
The nine-headed hydra closely misses you.
You block the nine-headed hydra's attack.
The nine-headed hydra bites you but does no damage.
The nine-headed hydra bites you!
The nine-headed hydra barely misses you.
The nine-headed hydra bites you! x2
A hell rat scurries out from under your cloak.
The bullfrog hits you but does no damage.
Your hell rat bites the nine-headed hydra!
There is a staircase back to the Dungeon here.
You are now empty-clawed.
You block the bullfrog's attack.
Your hell rat completely misses the bullfrog.
The bullfrog hits you but does no damage.
You block the nine-headed hydra's attack.
The nine-headed hydra bites you! x2
You block the nine-headed hydra's attack.
The nine-headed hydra bites you!
* * * LOW HITPOINT WARNING * * *
You block the nine-headed hydra's attack.
The nine-headed hydra bites you!
* * * LOW HITPOINT WARNING * * *
The nine-headed hydra bites you!
* * * LOW HITPOINT WARNING * * *
The nine-headed hydra completely misses you.
Your hell rat bites the bullfrog!!
You climb upwards.
Welcome back to the Dungeon!
There is a staircase to the Lair here.
You feel much better. The bullfrog hits you.
You block the nine-headed hydra's attack.
The nine-headed hydra bites you. The nine-headed hydra bites you!
* * * LOW HITPOINT WARNING * * *
You block the nine-headed hydra's attack.
The nine-headed hydra bites you!
* * * LOW HITPOINT WARNING * * *
The nine-headed hydra bites you!
You die... ..###.^.....###..#############.# ....####'####..................## .............)................... ................................. ####..#########################.. #..# ########### #.. #..# ##PPPPPPPPP## #.. #..# #PPD..PPPPPP##

#.. #..# #PP.@.PPPP...## #..
####..#######PPP.F.PPP....#####..
............#PP..................
............#P..PP......#........
.#############..P..P...##########
.# ###.....#### .# ###.####.# .#
#....†.# .# ######.#


You could see a nine-headed hydra and a bullfrog.

Vanquished Creatures
  A komodo dragon (D:9)
  A kobold demonologist (D:9)
  A queen bee (D:9)
  Edmund (D:5)
  2 black bears
  An ice beast (D:7)
  A sky beast (D:6)
  An orc warrior (D:5)
  6 ogres
  A phantom (D:5)
  A centaur (D:5)
  A bullfrog (D:7)
  6 kobold brigands
  A wyvern zombie (D:6)
  2 gnoll sergeants
  2 water moccasin zombies
  35 killer bees
  17 wights
  4 howler monkeys
  4 crimson imps (D:9)
  2 centaur zombies
  A hound (D:6)
  2 bullfrog skeletons
  A gnoll shaman (D:7)
  2 orc priests
  2 iguanas
  5 orc wizards
  A hell rat (D:7)
  A howler monkey zombie (D:6)
  A howler monkey skeleton (D:5)
  6 adders
  17 gnolls
  25 river rats (D:7)
  A shadow imp (D:6)
  An ufetubus (D:5)
  3 dart slugs
  18 orcs
  3 bats
  5 endoplasms
  6 giant cockroaches
  13 goblins
  7 hobgoblins
  2 jackals (D:1)
  2 quokkas
  5 ball pythons
  A frilled lizard (D:2)
  7 kobolds
  7 rats
236 creatures vanquished.

Vanquished Creatures (collateral kills)
  An ice beast (D:7)
  3 wights (D:7)
4 creatures vanquished.

Vanquished Creatures (others)
  6 plants (D:9)
6 creatures vanquished.

Grand Total: 246 creatures vanquished

Notes
Turn   | Place    | Note
-------+----------+-------------------------------------------
     0 | D:1      | benadryl the Troll Hunter began the quest for the Orb.
     0 | D:1      | Reached XP level 1. HP: 19/19 MP: 0/0
    62 | D:1      | Reached skill level 1 in Unarmed Combat
    95 | D:1      | Reached XP level 2. HP: 28/28 MP: 1/1
   230 | D:1      | Found a faded altar of an unknown god.
   273 | D:1      | Reached skill level 2 in Unarmed Combat
   343 | D:1      | Reached XP level 3. HP: 35/35 MP: 2/2
  1284 | D:3      | Found a transporter.
  1352 | D:3      | Reached skill level 3 in Unarmed Combat
  1352 | D:3      | Reached XP level 4. HP: 44/44 MP: 3/3
  1603 | D:3      | Found a transporter.
  2120 | D:4      | Found an ancient bone altar of Kikubaaqudgha.
  2250 | D:4      | Found a transporter.
  2270 | D:4      | Noticed seveneves's ghost (amateur MiFi)
  2273 | D:4      | Found a transporter.
  2333 | D:4      | Reached XP level 5. HP: 41/52 MP: 4/4
  2370 | D:4      | Reached skill level 4 in Unarmed Combat
  2696 | D:4      | Noticed an ogre
  2732 | D:4      | Killed an ogre
  2733 | D:4      | Reached XP level 6. HP: 34/61 MP: 1/5
  2842 | D:4      | Reached skill level 5 in Unarmed Combat
  2909 | D:4      | Found a basalt altar of Yredelemnul.
  3016 | D:5      | Entered Level 5 of the Dungeon
  3035 | D:5      | Noticed an orc warrior
  3246 | D:5      | Reached XP level 7. HP: 68/68 MP: 6/6
  3318 | D:5      | Reached skill level 6 in Unarmed Combat
  3432 | D:5      | Found a staircase to the Ecumenical Temple.
  3454 | Temple   | Entered the Ecumenical Temple
  3466 | Temple   | Became a worshipper of Warmaster Okawaru
  3479 | D:5      | Noticed Edmund
  3486 | D:5      | Killed Edmund
  3487 | D:5      | Reached skill level 1 in Invocations
  3536 | D:5      | Found a stormy altar of Qazlal.
  3548 | D:5      | Reached skill level 7 in Unarmed Combat
  3548 | D:5      | Reached XP level 8. HP: 74/79 MP: 8/8
  3989 | D:5      | Reached * piety under Okawaru
  4218 | D:6      | Reached skill level 8 in Unarmed Combat
  4304 | D:6      | Reached skill level 5 in Fighting
  4389 | D:6      | Reached ** piety under Okawaru
  4679 | D:6      | Reached XP level 9. HP: 85/88 MP: 10/10
  4862 | D:7      | Reached skill level 9 in Unarmed Combat
  4913 | D:7      | Found the +2 ratskin cloak {*Rats rPois rN+ Str-1 Int-1
                  | Dex+1}
  4998 | D:7      | Found a snail-covered altar of Cheibriados.
  5212 | D:7      | Identified the +9 whip of Pewoeq {vamp, rC++ rN++ Dex-3}
  5245 | D:7      | Reached *** piety under Okawaru
  5558 | D:7      | Found a bloodstained altar of Trog.
  5643 | D:7      | Reached skill level 10 in Unarmed Combat
  5839 | D:8      | Noticed a +0 spear
  5839 | D:8      | Noticed a +0 dagger
  5839 | D:8      | Noticed a +0 dagger
  5841 | D:8      | Noticed a +0 falchion
  5841 | D:8      | Noticed a +0 spear
  5841 | D:8      | Noticed a +0 short sword
  5842 | D:8      | Noticed a +0 short sword
  5842 | D:8      | Noticed a +0 falchion
  5956 | D:8      | Found a hide-covered altar of Uskayaw.
  5981 | D:8      | Found a shimmering blue altar of Sif Muna.
  6050 | D:8      | Found Sigoap's Jewellery Boutique.
  6345 | D:9      | Found a staircase to the Lair.
  6346 | D:9      | Noticed a komodo dragon
  6397 | D:9      | Killed a komodo dragon
  6397 | D:9      | Reached **** piety under Okawaru
  6493 | D:9      | Found a shimmering altar of Xom.
  6506 | D:9      | Reached XP level 10. HP: 100/100 MP: 12/12
  6577 | D:9      | Reached skill level 11 in Unarmed Combat
  6647 | D:9      | Reached ***** piety under Okawaru
  6798 | D:9      | Found a burning altar of Makhleb.
  6798 | D:9      | Noticed a blizzard demon
  6801 | D:9      | Noticed an orange demon
  6915 | D:10     | Entered Level 10 of the Dungeon
  7747 | Lair:1   | Entered Level 1 of the Lair of Beasts
  7885 | Lair:1   | Noticed a five-headed hydra
  7902 | Lair:1   | HP: 2/102 [nine-headed hydra (9)]
  7904 | D:9      | Slain by a nine-headed hydra

Illustrated notes

Levels and vault maps discovered:
D:1:      evilmike_arrival_crescent, layout_loops_ring,
          hellmonk_ecumenical_altar_pennies_from_heaven, st_stairs_2,
          chequers_serial_rivers_marsh, minmay_hexomino_f4
D:2:      layout_loops_ring, hex_large
D:3:      gammafunk_wand_slinger, layout_basic
D:4:      layout_loops_corners, old_standard_altar, yredelemnul_altar_generic,
          gammafunk_ghost_arena, minmay_ogre_servants
D:5:      layout_loops_ring, nicolae_overflow_crystal_walls,
          minmay_temple_entry_waves, uniq_edmund
D:6:      layout_basic, minivault_11
D:7:      wander_guarded_unrand_ratskin, layout_cave_pools,
          lemuel_crystal_altar, mainiacjoe_overflow_brackets
D:8:      layout_rooms, amcnicky_altar_gilded, nicolae_uskayaw_en_pointe,
          serial_shops, nicolae_shop_behind_doors, minmay_misc_feat_tiny,
          minmay_crystal_room
D:9:      layout_long_grid, led_xom_imps, makhleb_altar_promises_db,
          david_lair_shrubbed, special_room [special_room_bee]
D:10:     layout_basic, grunt_dithmenos_smoke_and_mirrors,
          mainiacjoe_overflow_surrounded_room, lemuel_doored_altar,
          hangedman_ru_absence, minmay_joined_circles
Temple:   dpeg_three_leaves_temple
Lair:1:   layout_gridlike, lemuel_old_faithful

Skill      XL: |  1  2  3  4  5  6  7  8  9 10 |
---------------+-------------------------------+-----
Unarmed Combat | 1 2 3 4 5 7 8 10 11 | 11.9
Fighting       | 2 3 4 5 6 7 |  7.4
Throwing       | 4 |  4.9
Invocations    | 1 3 4 |  4.6
Dodging        | |  1.5
Stealth        | |  0.3

Action                   |  1- 3 |  4- 6 |  7- 9 | 10-12 || total
-------------------------+-------+-------+-------+-------++-------
Melee: Unarmed           |    81 |   138 |   301 |   178 ||   698
       Punch             |     1 |     4 |     8 |     2 ||    15
       Dagger            |       |       |       |    23 ||    23
Throw: Large rock        |       |     4 |     9 |    10 ||    23
       Throwing net      |       |       |       |     1 ||     1
Invok: Heroism           |       |       |       |     2 ||     2
  Use: Scroll            |       |     1 |    18 |     3 ||    22
       Potion            |       |       |       |     2 ||     2
 Stab: Sleeping          |     2 |     1 |     1 |       ||     4
       Held in net/web   |       |       |       |     1 ||     1
Armor: Robe              |    31 |    41 |    53 |   111 ||   236
Dodge: Dodged            |    26 |    53 |   126 |   137 ||   342
Block: Other             |       |       |    11 |    73 ||    84
       Kite shield       |       |       |       |    11 ||    11
